[Event "FIDE Womens Grand Swiss 2023"]
[Site "Douglas/Isle of Man"]
[Date "2023.11.01"]
[Round "7.15"]
[White "Mkrtchyan, Mariam"]
[Black "Gunina, Valentina"]
[Result "0-1"]
[ECO "D17"]
[WhiteElo "2343"]
[BlackElo "2439"]
[Annotator "ChessBase"]
[PlyCount "162"]
[EventDate "2023.10.04"]
[EventType "swiss"]
[EventCountry "GBR"]
[SourceTitle "playchess.com"]
[Source "ChessBase"]
[SourceQuality "1"]
[TimeControl "40/6000+30:20/3000+30:900+30"]

1. d4 d5 2. c4 c6 3. Nf3 Nf6 4. Nc3 dxc4 5. a4 Bf5 6. Ne5 Nbd7 7. Nxc4 Qc7 8. g3 e5 9. dxe5 Nxe5 10. Bf4 Nfd7 11. Bg2 g5 12. Ne3 gxf4 13. Nxf5 O-O-O 14. Qc2 fxg3 15. hxg3 Kb8 16. O-O-O a5 17. Kb1 Nb6 18. Rxd8+ Qxd8 19. Rd1 Qc7 20. f4 Nec4 21. Ne4 Bb4 22. Rd4 Qc8 23. g4 h5 24. Rxc4 Nxc4 25. Qxc4 hxg4 26. Qd4 Rd8 27. Qe5+ Ka8 28. Ne3 Qd7 29. Ka2 Re8 30. Qf6 Ka7 31. f5 c5 32. b3 Kb8 33. Qb2 Qc7 34. Nc4 Qh2 35. e3 Rd8 36. Qe5+ Qxe5 37. Nxe5 g3 38. f6 Rd1 39. Nxf7 c4 40. bxc4 Rg1 41. Bf3 g2 42. Bxg2 Rxg2+ 43. Kb1 Re2 44. Nfg5 Rxe3 45. c5 Re1+ 46. Kc2 Rf1 47. f7 b6 48. cxb6 Kb7 49. Kd3 Kxb6 50. Ng3 Rf6 51. Kd4 Kc6 52. Ke5 Bc3+ 53. Ke4 Kd7 54. Kd5 Bb4 55. Ke5 Rg6 56. Kf5 Rh6 57. Ne2 Be7 58. Ne4 Rh5+ 59. Kg6 Rh2 60. Nf6+ Kd6 61. Nf4 Bf8 62. N6h5 Rh1 63. Kf6 Rf1 64. Kg6 Ke5 65. Kh7 Bd6 66. Kg7 Ra1 67. Ng6+ Kf5 68. Ng3+ Ke6 69. Ne4 Bb4 70. Ng5+ Kf5 71. Nf3 Bc5 72. f8=Q+ Bxf8+ 73. Nxf8 Rxa4 74. Nd7 Rg4+ 75. Kf7 a4 76. Nc5 a3 77. Nd2 a2 78. Ndb3 Rc4 79. Nd3 Ke4 80. Ne1 Rc1 81. Nd3 Rf1+ 0-1

[Event "FIDE Womens Grand Swiss 2023"]
[Site "Douglas/Isle of Man"]
[Date "2023.11.01"]
[Round "7.16"]
[White "Savitha Shri B"]
[Black "Wagner, Dinara"]
[Result "0-1"]
[ECO "B33"]
[WhiteElo "2375"]
[BlackElo "2461"]
[Annotator "ChessBase"]
[PlyCount "130"]
[EventDate "2023.10.04"]
[EventType "swiss"]
[EventCountry "GBR"]
[SourceTitle "playchess.com"]
[Source "ChessBase"]
[SourceQuality "1"]
[TimeControl "40/6000+30:20/3000+30:900+30"]

1. e4 c5 2. Nf3 Nc6 3. d4 cxd4 4. Nxd4 Nf6 5. Nc3 e5 6. Ndb5 d6 7. Bg5 a6 8. Na3 b5 9. Nd5 Be7 10. Bxf6 Bxf6 11. Nb1 Bg5 12. a4 b4 13. Bc4 O-O 14. O-O Be6 15. Qd3 a5 16. c3 Rc8 17. Ba6 bxc3 18. bxc3 Rb8 19. Nd2 Ne7 20. Nf3 Bh6 21. Nxe7+ Qxe7 22. Rfd1 Rfd8 23. Bb5 Rbc8 24. c4 Rc5 25. h3 Qc7 26. Ra2 g6 27. Rc2 f5 28. Nd2 Bxd2 29. Rcxd2 f4 30. Rc1 Kf7 31. Kh2 Ke7 32. g3 Kf8 33. gxf4 exf4 34. Qc3 Kg8 35. Qf6 Re5 36. c5 Rf8 37. cxd6 Qxc1 38. Qxe5 Qxd2 39. Qxe6+ Kg7 40. Kg1 f3 41. Qe5+ Kh6 42. d7 Qg5+ 43. Qg3 Qxg3+ 44. fxg3 f2+ 45. Kf1 Kg7 46. Bc6 g5 47. Bb5 h5 48. Be2 h4 49. gxh4 gxh4 50. Bb5 Kf6 51. Kxf2 Ke7+ 52. Kg2 Rg8+ 53. Kh2 Rg3 54. Bc6 Rc3 55. Bb5 Rc2+ 56. Kg1 Rd2 57. Bc6 Rd6 58. Bb5 Re6 59. Kf2 Rxe4 60. Kf3 Rd4 61. Bc6 Rb4 62. Ke2 Rb3 63. Kf2 Rxh3 64. Kg2 Rc3 65. Bb5 Rb3 0-1

[Event "FIDE Womens Grand Swiss 2023"]
[Site "Douglas/Isle of Man"]
[Date "2023.11.01"]
[Round "7.17"]
[White "Guichard, Pauline"]
[Black "Roebers, Eline"]
[Result "1-0"]
[ECO "E73"]
[WhiteElo "2358"]
[BlackElo "2390"]
[Annotator "ChessBase"]
[PlyCount "161"]
[EventDate "2023.10.04"]
[EventType "swiss"]
[EventCountry "GBR"]
[SourceTitle "playchess.com"]
[Source "ChessBase"]
[SourceQuality "1"]
[TimeControl "40/6000+30:20/3000+30:900+30"]

1. d4 Nf6 2. c4 g6 3. Nc3 Bg7 4. e4 d6 5. Be2 O-O 6. Be3 c5 7. d5 e6 8. Nf3 exd5 9. cxd5 Bg4 10. Nd2 Bxe2 11. Qxe2 Re8 12. O-O Na6 13. Kh1 Nc7 14. a4 Rb8 15. f3 b6 16. Nc4 a6 17. Qd2 b5 18. axb5 axb5 19. Na5 Qd7 20. Nc6 Ra8 21. Rxa8 Rxa8 22. b4 Ra3 23. Nb1 Rxe3 24. Qxe3 Nfxd5 25. exd5 Nxd5 26. Qe4 Qxc6 27. bxc5 dxc5 28. Rd1 Bd4 29. Na3 f5 30. Qd3 Nc3 31. Re1 Bf6 32. Rc1 b4 33. Nc4 Qe6 34. h3 Bd4 35. Kh2 h5 36. Ra1 Qe7 37. f4 h4 38. Qf3 Qe4 39. Ra8+ Kg7 40. Ra7+ Kf6 41. Ra6+ Ke7 42. Rxg6 Qxf3 43. gxf3 Nd5 44. Rh6 Ne3 45. Na5 Kd7 46. Nb3 Nc2 47. Na5 Na3 48. Rb6 Bc3 49. Kg2 Bd2 50. Kf1 Bxf4 51. Nb3 Kc7 52. Rf6 c4 53. Na5 Bd6 54. Ke2 b3 55. Rxf5 b2 56. Rf7+ Kb6 57. Rb7+ Kxa5 58. Rxb2 Bf4 59. Rb7 Nc2 60. Rf7 Nd4+ 61. Kd1 Bd6 62. Rd7 Nb5 63. Rh7 Bg3 64. f4 Kb4 65. f5 Nd4 66. f6 c3 67. f7 Ne6 68. Rh8 Kb3 69. Rc8 Bf4 70. Rc6 Be3 71. Ke2 Bc5 72. Rxc5 Nxc5 73. f8=Q Na4 74. Qb8+ Kc2 75. Qb4 Nb2 76. Qxh4 Kc1 77. Qf4+ Kb1 78. Qe4+ Kc1 79. h4 c2 80. h5 Nd1 81. Qb4 1-0

[Event "FIDE Womens Grand Swiss 2023"]
[Site "Douglas/Isle of Man"]
[Date "2023.11.01"]
[Round "7.18"]
[White "Terbe, Julianna"]
[Black "Beydullayeva, Govhar"]
[Result "1-0"]
[ECO "E16"]
[WhiteElo "2266"]
[BlackElo "2383"]
[Annotator "ChessBase"]
[PlyCount "113"]
[EventDate "2023.10.04"]
[EventType "swiss"]
[EventCountry "GBR"]
[SourceTitle "playchess.com"]
[Source "ChessBase"]
[SourceQuality "1"]
[TimeControl "40/6000+30:20/3000+30:900+30"]

1. Nf3 d5 2. d4 Nf6 3. c4 e6 4. g3 Bb4+ 5. Nbd2 O-O 6. Bg2 b6 7. O-O Bb7 8. a3 Be7 9. b4 a5 10. b5 a4 11. Ne5 Nfd7 12. Ndf3 c5 13. Bb2 Nf6 14. e3 Ne4 15. dxc5 bxc5 16. Nd2 Nf6 17. Qe2 Qb6 18. Rab1 Rd8 19. e4 dxc4 20. Nexc4 Qa7 21. Rfd1 Nbd7 22. e5 Ne8 23. Ne4 Rab8 24. Qg4 Bd5 25. Ncd6 Bxd6 26. Nxd6 Bxg2 27. Kxg2 Nb6 28. Nxe8 Rxe8 29. Bc1 Kh8 30. Bg5 Nd5 31. Rdc1 Rec8 32. Rc4 Qc7 33. Re1 Rxb5 34. Qh5 Qb7 35. Kh3 f6 36. exf6 gxf6 37. Bh6 Qc6 38. Qg4 Rg8 39. Qxe6 Qxe6+ 40. Rxe6 Nb6 41. Rg4 Rxg4 42. Kxg4 Kg8 43. Rxf6 Nd7 44. Ra6 c4 45. Rxa4 Ne5+ 46. Kf4 c3 47. Ra8+ Kf7 48. Rc8 Nd7 49. Ke4 Nf6+ 50. Kd4 Rb2 51. Be3 c2 52. Bc1 Ra2 53. f3 Nd7 54. Kc3 Ne5 55. Kb3 Ra1 56. Kxc2 Ra2+ 57. Bb2 1-0

[Event "FIDE Womens Grand Swiss 2023"]
[Site "Douglas/Isle of Man"]
[Date "2023.11.01"]
[Round "7.19"]
[White "Socko, Monika"]
[Black "Arakhamia-Grant, Ketevan"]
[Result "1-0"]
[ECO "E94"]
[WhiteElo "2380"]
[BlackElo "2297"]
[Annotator "ChessBase"]
[PlyCount "81"]
[EventDate "2023.10.04"]
[EventType "swiss"]
[EventCountry "GBR"]
[SourceTitle "playchess.com"]
[Source "ChessBase"]
[SourceQuality "1"]
[TimeControl "40/6000+30:20/3000+30:900+30"]

1. d4 Nf6 2. c4 g6 3. Nc3 Bg7 4. e4 d6 5. Nf3 O-O 6. Be2 Nbd7 7. O-O e5 8. Be3 Qe7 9. Qc2 c6 10. d5 c5 11. Nd2 Kh8 12. Rae1 Ng8 13. a3 Bh6 14. Qd3 f5 15. exf5 gxf5 16. f4 e4 17. Qc2 Ndf6 18. b4 b6 19. bxc5 bxc5 20. Nb3 Bd7 21. Rb1 Rfb8 22. Na5 Rb6 23. a4 Bg7 24. Nb5 Nh6 25. h3 Nfg4 26. hxg4 fxg4 27. g3 Nf5 28. Bf2 e3 29. Be1 Rf8 30. Nc6 Bxc6 31. dxc6 a6 32. c7 Qd7 33. a5 Rc6 34. Nc3 Rxc7 35. Nd5 Rb7 36. Bxg4 e2 37. Bxe2 Nd4 38. Rxb7 Qxb7 39. Qd3 Re8 40. Bh5 Re6 41. Bf2 1-0

[Event "FIDE Womens Grand Swiss 2023"]
[Site "Douglas/Isle of Man"]
[Date "2023.11.01"]
[Round "7.20"]
[White "Kosteniuk, Alexandra"]
[Black "Kiolbasa, Oliwia"]
[Result "1/2-1/2"]
[ECO "A19"]
[WhiteElo "2523"]
[BlackElo "2375"]
[Annotator "ChessBase"]
[PlyCount "92"]
[EventDate "2023.10.04"]
[EventType "swiss"]
[EventCountry "GBR"]
[SourceTitle "playchess.com"]
[Source "ChessBase"]
[SourceQuality "1"]
[TimeControl "40/6000+30:20/3000+30:900+30"]

1. c4 e6 2. Nc3 Nf6 3. e4 c5 4. e5 Ng8 5. Nf3 Nc6 6. d4 cxd4 7. Nxd4 d6 8. Nxc6 bxc6 9. exd6 Bxd6 10. g3 Ne7 11. Bg2 O-O 12. O-O Rb8 13. Qc2 Nf5 14. Qa4 Bd7 15. Rd1 Qc7 16. Ne4 Be7 17. c5 e5 18. f4 Be6 19. fxe5 Qxe5 20. Qc2 Rb4 21. Bf4 Qxb2 22. Qxb2 Rxb2 23. Nd6 Bf6 24. Nxf5 Bxf5 25. Rac1 Rc8 26. Rd6 Rxa2 27. Bf3 a5 28. Rxc6 Rxc6 29. Bxc6 a4 30. Bd5 Bd4+ 31. Kh1 Ra1 32. Rxa1 Bxa1 33. c6 a3 34. c7 Bd4 35. Kg2 Bc8 36. Bd6 Bb2 37. Kf3 g5 38. g4 Kg7 39. h3 Kf6 40. Ke4 Kg6 41. Kd3 f5 42. gxf5+ Kxf5 43. Bxa3 Bxa3 44. Bf3 Bd6 45. Bg4+ Kf4 46. Bxc8 Bxc7 1/2-1/2

[Event "FIDE Womens Grand Swiss 2023"]
[Site "Douglas/Isle of Man"]
[Date "2023.11.01"]
[Round "7.21"]
[White "Matnadze Bujiashvili, Ann"]
[Black "Vantika Agrawal"]
[Result "1/2-1/2"]
[ECO "E66"]
[WhiteElo "2400"]
[BlackElo "2435"]
[Annotator "ChessBase"]
[PlyCount "87"]
[EventDate "2023.10.04"]
[EventType "swiss"]
[EventCountry "GBR"]
[SourceTitle "playchess.com"]
[Source "ChessBase"]
[SourceQuality "1"]
[TimeControl "40/6000+30:20/3000+30:900+30"]

1. d4 Nf6 2. g3 g6 3. Bg2 Bg7 4. Nf3 O-O 5. O-O d6 6. c4 Nc6 7. Nc3 a6 8. d5 Na5 9. Nd2 c5 10. Rb1 b5 11. b3 Rb8 12. Bb2 Bh6 13. Ba1 Bxd2 14. Qxd2 bxc4 15. Ne4 Nxe4 16. Bxe4 cxb3 17. Qc3 f6 18. axb3 Rb4 19. Bc2 e5 20. Qd2 Bh3 21. Rfd1 Nb7 22. Bc3 Rb6 23. Qh6 Bf5 24. e4 Bd7 25. f4 Qe7 26. fxe5 fxe5 27. Rf1 Rxf1+ 28. Rxf1 Nd8 29. h4 Nf7 30. Qe3 Rb8 31. Bd2 Bb5 32. Rf3 c4 33. b4 Rc8 34. Qf2 Rf8 35. Bg5 Nxg5 36. Rxf8+ Qxf8 37. Qxf8+ Kxf8 38. hxg5 Kg7 39. Kf2 h6 40. Ke3 c3 41. Bd3 hxg5 42. Bxb5 axb5 43. Kd3 Kh6 44. g4 1/2-1/2

[Event "FIDE Womens Grand Swiss 2023"]
[Site "Douglas/Isle of Man"]
[Date "2023.11.01"]
[Round "7.22"]
[White "Divya Deshmukh"]
[Black "Aulia, Medina Warda"]
[Result "0-1"]
[ECO "D32"]
[WhiteElo "2408"]
[BlackElo "2362"]
[Annotator "ChessBase"]
[PlyCount "78"]
[EventDate "2023.10.04"]
[EventType "swiss"]
[EventCountry "GBR"]
[SourceTitle "playchess.com"]
[Source "ChessBase"]
[SourceQuality "1"]
[TimeControl "40/6000+30:20/3000+30:900+30"]

1. d4 d5 2. c4 e6 3. Nc3 c5 4. cxd5 exd5 5. Nf3 Nf6 6. Bg5 Be6 7. Qa4+ Nc6 8. e3 Be7 9. Bb5 Qb6 10. O-O O-O 11. Bxc6 bxc6 12. Qc2 cxd4 13. Nxd4 c5 14. Bxf6 Bxf6 15. Na4 Qa5 16. Nxc5 Rfc8 17. Rfc1 Be7 18. Ndb3 Qb6 19. Qc3 Rab8 20. f4 h6 21. Qd4 Bxc5 22. Nxc5 Qxb2 23. Qd3 Rb6 24. Qd1 Rbc6 25. Nd3 Qa3 26. Rxc6 Rxc6 27. Rb1 Bf5 28. Rb3 Qa5 29. Nb4 Rd6 30. Qd4 Be4 31. h3 Rg6 32. Rb2 Qc7 33. Kh2 Qc4 34. f5 Rf6 35. Qxa7 Rxf5 36. Qb8+ Kh7 37. Qg3 Qc3 38. Rb3 Qf6 39. Ra3 Rg5 0-1

[Event "FIDE Womens Grand Swiss 2023"]
[Site "Douglas/Isle of Man"]
[Date "2023.11.01"]
[Round "7.23"]
[White "Gomez Barrera, Javiera Belen"]
[Black "Tania, Sachdev"]
[Result "0-1"]
[ECO "C54"]
[WhiteElo "2266"]
[BlackElo "2389"]
[Annotator "ChessBase"]
[PlyCount "84"]
[EventDate "2023.10.04"]
[EventType "swiss"]
[EventCountry "GBR"]
[SourceTitle "playchess.com"]
[Source "ChessBase"]
[SourceQuality "1"]
[TimeControl "40/6000+30:20/3000+30:900+30"]

1. e4 e5 2. Nf3 Nc6 3. Bc4 Nf6 4. d3 Bc5 5. c3 d6 6. O-O h6 7. Re1 O-O 8. h3 a5 9. Nbd2 Bd7 10. Nf1 a4 11. Bb5 Ne7 12. Bxd7 Qxd7 13. d4 exd4 14. cxd4 Bb4 15. Re2 d5 16. e5 Ne4 17. Ng3 Nxg3 18. fxg3 Nc6 19. Qd3 a3 20. bxa3 Be7 21. Rb1 Nd8 22. Rb3 b6 23. Rc2 Ne6 24. Kh2 Ra4 25. Qf5 Rfa8 26. Rcc3 Qe8 27. Bb2 R8a6 28. Re3 Qa8 29. g4 c5 30. dxc5 bxc5 31. Rb5 R4a5 32. Rxa5 Rxa5 33. Re1 Qa6 34. Bc1 Qc4 35. g5 g6 36. Qb1 Rb5 37. Qa1 hxg5 38. Bd2 d4 39. a4 Qxa4 40. Qc1 Qxa2 41. Bxg5 Bxg5 42. Nxg5 Rb2 0-1

[Event "FIDE Womens Grand Swiss 2023"]
[Site "Douglas/Isle of Man"]
[Date "2023.11.01"]
[Round "7.24"]
[White "Sandu, Mihaela"]
[Black "Nassr, Lina"]
[Result "1/2-1/2"]
[ECO "B45"]
[WhiteElo "2298"]
[BlackElo "2066"]
[Annotator "ChessBase"]
[PlyCount "91"]
[EventDate "2023.10.04"]
[EventType "swiss"]
[EventCountry "GBR"]
[SourceTitle "playchess.com"]
[Source "ChessBase"]
[SourceQuality "1"]
[TimeControl "40/6000+30:20/3000+30:900+30"]

1. e4 c5 2. Nf3 e6 3. d4 cxd4 4. Nxd4 Nf6 5. Nc3 Nc6 6. Ndb5 Bb4 7. a3 Bxc3+ 8. Nxc3 d5 9. exd5 exd5 10. Bd3 O-O 11. O-O d4 12. Ne2 Bg4 13. Qd2 Bxe2 14. Qxe2 Re8 15. Qf3 Qb6 16. Bf4 Ne5 17. Bxe5 Rxe5 18. b3 Rae8 19. h3 Ne4 20. Rad1 Nc3 21. Bc4 R5e7 22. Rd2 Qc5 23. Qg4 b5 24. Bd3 g6 25. Kh2 Qd6+ 26. Kg1 Re1 27. g3 Rxf1+ 28. Bxf1 Re1 29. Qc8+ Qf8 30. Qd7 Qa8 31. f3 Rxf1+ 32. Kxf1 Qxf3+ 33. Kg1 Ne2+ 34. Rxe2 Qxe2 35. Qd8+ Kg7 36. Qxd4+ Kg8 37. Qc3 Qe7 38. b4 Qd7 39. h4 h5 40. Kh2 Qb7 41. Qd4 Qc7 42. Qd3 a6 43. Kg2 Qc6+ 44. Kf2 Qe6 45. Qd2 Qf5+ 46. Kg1 1/2-1/2

[Event "FIDE Womens Grand Swiss 2023"]
[Site "Douglas/Isle of Man"]
[Date "2023.11.01"]
[Round "7.25"]
[White "Kanyamarala, Trisha"]
[Black "Lee, Alice"]
[Result "1-0"]
[ECO "D46"]
[WhiteElo "2184"]
[BlackElo "2388"]
[Annotator "ChessBase"]
[PlyCount "59"]
[EventDate "2023.10.04"]
[EventType "swiss"]
[EventCountry "GBR"]
[SourceTitle "playchess.com"]
[Source "ChessBase"]
[SourceQuality "1"]
[TimeControl "40/6000+30:20/3000+30:900+30"]

1. d4 d5 2. c4 e6 3. Nf3 Nf6 4. Nc3 c6 5. e3 Nbd7 6. Bd3 Bd6 7. O-O dxc4 8. Bxc4 O-O 9. e4 b5 10. Bb3 b4 11. e5 bxc3 12. exd6 Ba6 13. Re1 cxb2 14. Bxb2 Qb6 15. Ne5 Qb4 16. Qc1 Bb7 17. Rb1 Nxe5 18. dxe5 Nd7 19. Bc3 Qh4 20. Bc2 Rab8 21. Rb4 Qh5 22. Re3 h6 23. Rh3 Qg5 24. f4 Qd8 25. f5 Qg5 26. Bd2 Qd8 27. Bxh6 f6 28. fxe6 Nxe5 29. Bxg7 Qxd6 30. Rh8+ 1-0

[Event "FIDE Womens Grand Swiss 2023"]
[Site "Douglas/Isle of Man"]
[Date "2023.11.02"]
[Round "8.1"]
[White "Muzychuk, Anna"]
[Black "Stefanova, Antoaneta"]
[Result "1/2-1/2"]
[ECO "C63"]
[WhiteElo "2510"]
[BlackElo "2424"]
[Annotator "ChessBase"]
[PlyCount "46"]
[EventDate "2023.10.04"]
[EventType "swiss"]
[EventCountry "GBR"]
[SourceTitle "playchess.com"]
[Source "ChessBase"]
[SourceQuality "1"]
[TimeControl "40/6000+30:20/3000+30:900+30"]

1. e4 e5 2. Nf3 Nc6 3. Bb5 f5 4. d3 fxe4 5. dxe4 Nf6 6. O-O Bc5 7. Bxc6 bxc6 8. Nxe5 O-O 9. Nc3 d6 10. Na4 Qe8 11. Nd3 Bg4 12. Qe1 Bd4 13. c3 Bb6 14. Nxb6 axb6 15. a3 Be6 16. e5 Bc4 17. exf6 Bxd3 18. fxg7 Rf7 19. Qxe8+ Rxe8 20. Rd1 Bc2 21. Rf1 Bd3 22. Rd1 Bc2 23. Rf1 Bd3 1/2-1/2

[Event "FIDE Womens Grand Swiss 2023"]
[Site "Douglas/Isle of Man"]
[Date "2023.11.02"]
[Round "8.2"]
[White "Vaishali, Rameshbabu"]
[Black "Milliet, Sophie"]
[Result "1/2-1/2"]
[ECO "C78"]
[WhiteElo "2448"]
[BlackElo "2391"]
[Annotator "ChessBase"]
[PlyCount "139"]
[EventDate "2023.10.04"]
[EventType "swiss"]
[EventCountry "GBR"]
[SourceTitle "playchess.com"]
[Source "ChessBase"]
[SourceQuality "1"]
[TimeControl "40/6000+30:20/3000+30:900+30"]

1. e4 e5 2. Nf3 Nc6 3. Bb5 a6 4. Ba4 Nf6 5. O-O Bc5 6. c3 b5 7. Bb3 d6 8. a4 b4 9. d4 Ba7 10. Be3 O-O 11. Nbd2 h6 12. a5 Ng4 13. h3 Nxe3 14. fxe3 Ne7 15. Nh4 d5 16. exd5 Nxd5 17. Ng6 Nxe3 18. Rxf7 Rxf7 19. Qf3 Qf6 20. Nxe5 Qxf3 21. Ndxf3 bxc3 22. bxc3 c5 23. Bxf7+ Kf8 24. Bb3 Rb8 25. Ng6+ Ke8 26. Ba4+ Bd7 27. Re1 cxd4 28. cxd4 Bxa4 29. Rxe3+ Kd8 30. Re7 Rb1+ 31. Kf2 Rb2+ 32. Ke3 Bb8 33. Rxg7 Rxg2 34. Rb7 Kc8 35. Rb6 Bc7 36. Rf6 Bd8 37. Rxa6 Kb7 38. Nf4 Kxa6 39. Nxg2 Kxa5 40. Ne5 Bg5+ 41. Ke4 Bc2+ 42. Kf3 Bd1+ 43. Ke4 Bc2+ 44. Kf3 Bd1+ 45. Kg3 Kb4 46. Nf4 Kc3 47. Ne6 Bb3 48. Nxg5 hxg5 49. Nf3 Be6 50. d5 Bxd5 51. Nxg5 Kd4 52. Kf4 Bb3 53. h4 Bd1 54. Ne4 Be2 55. Nf6 Kc5 56. Ne4+ Kd4 57. Ng3 Bd1 58. Nf5+ Kc5 59. Kg5 Be2 60. Ng3 Bf3 61. Kf4 Bd1 62. Ne4+ Kc6 63. Nf2 Be2 64. Ng4 Bxg4 65. Kxg4 Kd6 66. Kf5 Ke7 67. Kg6 Kf8 68. h5 Kg8 69. h6 Kh8 70. h7 1/2-1/2

[Event "FIDE Womens Grand Swiss 2023"]
[Site "Douglas/Isle of Man"]
[Date "2023.11.02"]
[Round "8.3"]
[White "Tan, Zhongyi"]
[Black "Goryachkina, Aleksandra"]
[Result "1-0"]
[ECO "C67"]
[WhiteElo "2517"]
[BlackElo "2558"]
[Annotator "ChessBase"]
[PlyCount "109"]
[EventDate "2023.10.04"]
[EventType "swiss"]
[EventCountry "GBR"]
[SourceTitle "playchess.com"]
[Source "ChessBase"]
[SourceQuality "1"]
[TimeControl "40/6000+30:20/3000+30:900+30"]

1. e4 e5 2. Nf3 Nc6 3. Bb5 Nf6 4. O-O Nxe4 5. Re1 Nd6 6. a4 Be7 7. Nc3 a6 8. Bf1 e4 9. Nxe4 Nxe4 10. Rxe4 d5 11. Re1 Bg4 12. h3 Bh5 13. c3 d4 14. b4 O-O 15. g4 Bg6 16. Bb2 dxc3 17. dxc3 Qxd1 18. Raxd1 Bd6 19. b5 axb5 20. axb5 Na5 21. c4 Rfe8 22. Ne5 f6 23. Nxg6 Rxe1 24. Rxe1 hxg6 25. Bg2 Rd8 26. Bc3 b6 27. Bd5+ Kf8 28. g5 Re8 29. Rxe8+ Kxe8 30. gxf6 gxf6 31. Bxf6 Nb3 32. Kg2 Nc5 33. Kf3 Nd7 34. Bh4 Kf8 35. Be6 Nc5 36. Bg4 Kf7 37. Ke3 Be5 38. f3 Nb7 39. Ke4 Bh2 40. Kd5 Bf4 41. Be6+ Ke8 42. Bf6 Be3 43. Be5 Nd6 44. Kc6 Ke7 45. Bd5 Ne8 46. f4 g5 47. fxg5 Bxg5 48. Bg3 Kd8 49. Bf7 Nd6 50. Bxd6 cxd6 51. Kxb6 Kd7 52. Bd5 Bh4 53. Kb7 Bg3 54. b6 Bf2 55. h4 1-0

[Event "FIDE Womens Grand Swiss 2023"]
[Site "Douglas/Isle of Man"]
[Date "2023.11.02"]
[Round "8.4"]
[White "Garifullina, Leya"]
[Black "Shuvalova, Polina"]
[Result "1-0"]
[ECO "C77"]
[WhiteElo "2402"]
[BlackElo "2506"]
[Annotator "ChessBase"]
[PlyCount "99"]
[EventDate "2023.10.04"]
[EventType "swiss"]
[EventCountry "GBR"]
[SourceTitle "playchess.com"]
[Source "ChessBase"]
[SourceQuality "1"]
[TimeControl "40/6000+30:20/3000+30:900+30"]

1. e4 e5 2. Nf3 Nc6 3. Bb5 a6 4. Ba4 Nf6 5. O-O Be7 6. d3 b5 7. Bb3 d6 8. a3 O-O 9. Nc3 Rb8 10. h3 h6 11. Nd5 Nxd5 12. Bxd5 Qe8 13. Be3 Bd8 14. b4 Bd7 15. Re1 Ne7 16. Bb3 Ng6 17. d4 exd4 18. Bxd4 Be6 19. e5 Bxb3 20. cxb3 Qd7 21. Qc2 Re8 22. Rac1 Bg5 23. Rcd1 Rbd8 24. Bb2 Qc8 25. exd6 cxd6 26. Qxc8 Rxe1+ 27. Nxe1 Rxc8 28. Rxd6 Bc1 29. Bxc1 Rxc1 30. Kf1 Rb1 31. Rxa6 Nf4 32. Ra8+ Kh7 33. Re8 Rxb3 34. Re3 Rb2 35. h4 Ra2 36. g3 Nd5 37. Rd3 Nb6 38. Rc3 Na4 39. Rc7 Rxa3 40. Rxf7 Rb3 41. Nc2 Kg6 42. Rb7 Rb2 43. Ne3 Nc3 44. h5+ Kxh5 45. Rxg7 Ne4 46. Nd5 Rxf2+ 47. Kg1 Nf6 48. Nf4+ Rxf4 49. gxf4 Nd5 50. f5 1-0

[Event "FIDE Womens Grand Swiss 2023"]
[Site "Douglas/Isle of Man"]
[Date "2023.11.02"]
[Round "8.5"]
[White "Tsolakidou, Stavroula"]
[Black "Assaubayeva, Bibisara"]
[Result "1/2-1/2"]
[ECO "C72"]
[WhiteElo "2385"]
[BlackElo "2469"]
[Annotator "ChessBase"]
[PlyCount "49"]
[EventDate "2023.10.04"]
[EventType "swiss"]
[EventCountry "GBR"]
[SourceTitle "playchess.com"]
[Source "ChessBase"]
[SourceQuality "1"]
[TimeControl "40/6000+30:20/3000+30:900+30"]

1. e4 e5 2. Nf3 Nc6 3. Bb5 a6 4. Ba4 d6 5. O-O Bd7 6. c4 g6 7. d4 Bg7 8. dxe5 dxe5 9. Bxc6 Bxc6 10. Qc2 Nf6 11. Nc3 Nd7 12. Rd1 O-O 13. b4 b6 14. b5 Bb7 15. Rb1 axb5 16. cxb5 Qc8 17. Nd5 Bxd5 18. Rxd5 Re8 19. Be3 Bf8 20. h3 Bd6 21. Bg5 Nc5 22. Bf6 Nd7 23. Bg5 Nc5 24. Bf6 Nd7 25. Bg5 1/2-1/2

[Event "FIDE Womens Grand Swiss 2023"]
[Site "Douglas/Isle of Man"]
[Date "2023.11.02"]
[Round "8.6"]
[White "Ushenina, Anna"]
[Black "Cori T., Deysi"]
[Result "1/2-1/2"]
[ECO "A42"]
[WhiteElo "2434"]
[BlackElo "2367"]
[Annotator "ChessBase"]
[PlyCount "21"]
[EventDate "2023.10.04"]
[EventType "swiss"]
[EventCountry "GBR"]
[SourceTitle "playchess.com"]
[Source "ChessBase"]
[SourceQuality "1"]
[TimeControl "40/6000+30:20/3000+30:900+30"]

1. d4 d6 2. Nf3 g6 3. c4 Bg7 4. Nc3 Bg4 5. e4 Nc6 6. d5 Nd4 7. Qa4+ Bd7 8. Qd1 Bg4 9. Qa4+ Bd7 10. Qd1 Bg4 11. Qa4+ 1/2-1/2

[Event "FIDE Womens Grand Swiss 2023"]
[Site "Douglas/Isle of Man"]
[Date "2023.11.02"]
[Round "8.7"]
[White "Munguntuul, Batkhuyag"]
[Black "Bulmaga, Irina"]
[Result "1-0"]
[ECO "C77"]
[WhiteElo "2366"]
[BlackElo "2423"]
[Annotator "ChessBase"]
[PlyCount "87"]
[EventDate "2023.10.04"]
[EventType "swiss"]
[EventCountry "GBR"]
[SourceTitle "playchess.com"]
[Source "ChessBase"]
[SourceQuality "1"]
[TimeControl "40/6000+30:20/3000+30:900+30"]

1. e4 e5 2. Nf3 Nc6 3. Bb5 a6 4. Ba4 Nf6 5. d3 d6 6. c3 g6 7. O-O Bg7 8. Re1 O-O 9. Nbd2 Re8 10. Nf1 h6 11. Ng3 b5 12. Bc2 d5 13. d4 exd4 14. e5 d3 15. exf6 dxc2 16. Rxe8+ Qxe8 17. Qxc2 Bxf6 18. Bxh6 Bg4 19. Qd3 Qd7 20. h3 Be6 21. Re1 b4 22. Ng5 Bf5 23. Nxf5 Qxf5 24. Qxa6 Rd8 25. Qxc6 Bxg5 26. Bxg5 Qxg5 27. Qxc7 d4 28. cxd4 Rxd4 29. Qb6 Qd2 30. Re8+ Kg7 31. Qc5 Rd6 32. Qe5+ Rf6 33. Rg8+ Kxg8 34. Qxf6 Qc1+ 35. Kh2 Qc7+ 36. g3 Qa7 37. Kg1 Qc5 38. Qf4 Kg7 39. Qe3 Qc4 40. a4 b3 41. a5 f5 42. Kh2 Kf6 43. Qb6+ Kg5 44. Qd8+ 1-0

[Event "FIDE Womens Grand Swiss 2023"]
[Site "Douglas/Isle of Man"]
[Date "2023.11.02"]
[Round "8.8"]
[White "Narva, Mai"]
[Black "Muzychuk, Mariya"]
[Result "1-0"]
[ECO "B33"]
[WhiteElo "2399"]
[BlackElo "2519"]
[Annotator "ChessBase"]
[PlyCount "93"]
[EventDate "2023.10.04"]
[EventType "swiss"]
[EventCountry "GBR"]
[SourceTitle "playchess.com"]
[Source "ChessBase"]
[SourceQuality "1"]
[TimeControl "40/6000+30:20/3000+30:900+30"]

1. e4 c5 2. Nf3 Nc6 3. d4 cxd4 4. Nxd4 Nf6 5. Nc3 e5 6. Ndb5 d6 7. Bg5 a6 8. Na3 b5 9. Nd5 Be7 10. Bxf6 Bxf6 11. c3 Rb8 12. Nc2 Bg5 13. g3 O-O 14. h4 Bh6 15. Bh3 Be6 16. Bxe6 fxe6 17. O-O Rf7 18. Nde3 Bxe3 19. Nxe3 Na5 20. Qe2 Qc7 21. h5 Nc4 22. Ng4 h6 23. Rfd1 Rd7 24. Rd3 Rbd8 25. Rad1 Kh7 26. b3 Na5 27. Ne3 Rf7 28. R1d2 Nb7 29. b4 Rdf8 30. Qg4 Rf6 31. Kg2 Qc6 32. c4 g6 33. cxb5 axb5 34. Rc2 gxh5 35. Qh4 Qe8 36. Rc7+ R6f7 37. Rdc3 Kg8 38. Kg1 Rd7 39. Rxd7 Qxd7 40. Qxh5 Qg7 41. Ng4 Kh8 42. Nxh6 Qh7 43. Rc7 Qxc7 44. Nf7+ Kg7 45. Qh6+ Kxf7 46. Qh7+ Kf6 47. Qxc7 1-0